 Dungeon Crawl Stone Soup version 0.27.1-4-g1640c2035a (webtiles) character file.

Game seed: 17167844271705634754

21 harness the Gusty (level 2, -7/15 HPs)
             Began as a Tengu Air Elementalist on Nov 16, 2021.
             Mangled by Sigmund (9 damage)
             ... on level 2 of the Dungeon.
             The game lasted 00:01:50 (901 turns).

harness the Gusty (Tengu Air Elementalist)           Turns: 901, Time: 00:01:51

Health: -7/15      AC:  2    Str:  8    XL:     2   Next: 83%
Magic:  6/6        EV: 12    Int: 15    God:
Gold:   82         SH:  0    Dex: 14    Spells: 4/5 levels left

rFire    . . .     SeeInvis .   b - +0 short sword
rCold    . . .     Faith    .   (no shield)
rNeg     . . .     Spirit   .   a - +0 robe
rPois    .         Reflect  .   (helmet restricted)
rElec    .         Harm     .   (no cloak)
rCorr    .         Rampage  .   (no gloves)
Will     .....                  (boots unavailable)
Stlth    ++........             (no amulet)
HPRegen  0.05/turn              (no ring)
MPRegen  0.10/turn              (no ring)

@: no status effects
A: beak, talons 3
a: no special abilities


You were on level 2 of the Dungeon.
You visited 1 branch of the dungeon, and saw 2 of its levels.

You collected 82 gold pieces.

Inventory:

Hand Weapons
 b - a +0 short sword (weapon)
Armour
 a - a +0 robe (worn)
Scrolls
 c - a scroll of noise {unknown}
 d - a scroll of identify {unknown}


   Skills:
 - Level 2.1 Dodging
 - Level 2.0 Stealth
 + Level 2.2 Spellcasting
 + Level 2.1 Conjurations
 * Level 4.7 Air Magic


You had 4 spell levels left.
You knew the following spells:

 Your Spells              Type           Power      Damage    Failure   Level
a - Shock                 Conj/Air       48%        1d6       5%          1

Your spell library contained the following spells:

 Spells                   Type           Power      Damage    Failure   Level
 Static Discharge         Conj/Air       12%        N/A       8%          2
 Swiftness                Air            15%        N/A       10%         3
 Airstrike                Air            7%         N/A       30%         4


Dungeon Overview and Level Annotations

Branches:
Dungeon (2/15)

Altars:

Annotations:
D:2 Sigmund


Innate Abilities, Weirdness & Mutations

You have a beak for a mouth.
You have claws for feet.


Message History

d - a scroll labelled AHIDWEMYNI
Found 10 gold pieces.
You now have 67 gold pieces (gained 10).
As you open the door, it creaks loudly!
Found 15 gold pieces.
There is an open door here.
You now have 82 gold pieces (gained 15).
You open the door.
There is an open door here.
You see here a +0 short sword.
You see here a +0 short sword.
There is an open door here.
There is an open door here.
Done exploring.
Done exploring.
(D) Dungeon
Where to? (? - help)
What level of the Dungeon? (default 1, ? - help)
There is an open door here.
There is an open door here.
There is an open door here.
There is an open door here.
There is a stone staircase leading down here.
You climb downwards.
You stumble into a teleport trap!
You are suddenly yanked towards a nearby monster!
Your surroundings suddenly seem different.
Sigmund the Dreaded comes into view.
He is wielding a +0 scythe.
Found a faded altar of an unknown god.
Found an escape hatch in the floor.
Press: ? - help, v - describe, . - travel The floor.
Sigmund shouts!
Sigmund asks, "Do you like me?"
Sigmund hits you from afar with a +0 scythe!
Ouch! That really hurt!
* * * LOW HITPOINT WARNING * * *
Found 15 stones.
There is an escape hatch in the floor here.
Sigmund hits you with a +0 scythe!
Ouch! That really hurt!
You die...

.# #### (..
...# ....
#...# #...
##...#
#...###...#
#...@...#
##.@_..## #
######
##...##
#.##.K...
#...#
.........
#...#
#....)
#...#
#...<.
.....
.......J.
..###.
.........
..##.....


You could see Sigmund.

Vanquished Creatures
  A gnoll (D:1)
  2 goblins (D:1)
  A hobgoblin (D:1)
  3 kobolds (D:1)
  A ball python (D:1)
  2 frilled lizards (D:1)
  2 rats (D:1)
12 creatures vanquished.

Notes
Turn   | Place    | Note
-------+----------+-------------------------------------------
     0 | D:1      | harness the Tengu Air Elementalist began the quest for the
                  | Orb.
     0 | D:1      | Reached XP level 1. HP: 10/10 MP: 4/4
   381 | D:1      | Reached XP level 2. HP: 15/15 MP: 3/6
   898 | D:2      | Found a faded altar of an unknown god.
   898 | D:2      | Noticed Sigmund
   901 | D:2      | Mangled by Sigmund

Illustrated notes

Levels and vault maps discovered:
D:1:      shiori_arrival_elements, layout_basic
D:2:      layout_rooms, hellmonk_ecumenical_altar_crossroads, uniq_sigmund,
          uniq_terence

Skill      XL: |  1  2 |
---------------+-------+-----
Conjurations   | 2 |  2.1
Dodging        | |  2.1
Stealth        | |  2.0
Spellcasting   | |  2.2
Air Magic      | |  4.7

Action                   || total
-------------------------++-------
Melee: Unarmed           ||     4
       Short sword       ||     2
       Kick              ||     1
       Peck              ||     1
 Cast: Shock             ||    19
 Stab: Sleeping          ||     2
Dodge: Dodged            ||     6
